 Dungeon Crawl Stone Soup version 0.23.2-1-ga50397a6bc (webtiles) character file.

Game seed: 17502477076939629723

215 Mrkan the Cudgeler (level 5, -14/41 HPs)
             Began as a Demonspawn Fighter on May 22, 2019.
             Demolished by an orc warrior
             ... wielding a +0 hand axe
              (15 damage)
             ... on level 6 of the Dungeon.
             The game lasted 00:05:01 (1459 turns).

Mrkan the Cudgeler (Demonspawn Fighter)             Turns: 1459, Time: 00:05:02

Health: -14/41     AC: 10    Str: 18    XL:     5   Next: 60%
Magic:  5/5        EV:  7    Int:  9    God:
Gold:   122        SH:  8    Dex: 12    Spells: 4/4 levels left

rFire    . . .     SeeInvis .   q - +2 mace (crush)
rCold    . . .     Gourm    .   c - +0 shield
rNeg     . . .     Faith    .   b - +0 scale mail
rPois    .         Spirit   .   (no helmet)
rElec    .         Reflect  .   e - +0 cloak
rCorr    .         Harm     .   (no gloves)
MR       .....                  (no boots)
Stlth    ..........             (no amulet)
HPRegen  0.13/turn              (no ring)
MPRegen  0.09/turn              (no ring)

@: no status effects
A: icy blue scales 2, spiny 2
a: no special abilities


You were on level 6 of the Dungeon.
You were not hungry.

You visited 1 branch of the dungeon, and saw 4 of its levels.

You collected 122 gold pieces.

Inventory:

Hand Weapons
 a - a +0 flail
 q - a +2 mace of crushing (weapon)
 u - a +2 whip of draining
Armour
 b - a +0 scale mail (worn)
 c - a +0 shield (worn)
 e - a +0 cloak (worn)
Jewellery
 k - an uncursed ring of see invisible {unknown}
Scrolls
 h - a scroll of enchant weapon {unknown}
 j - a scroll of immolation
 l - 2 scrolls of identify
 m - a scroll of teleportation {unknown}
 t - a scroll of magic mapping {unknown}
Potions
 d - 3 potions of might
 g - a potion of haste {unknown}
 i - 2 potions of heal wounds {unknown}
 n - a potion of mutation {unknown}
 p - a potion of brilliance {unknown}
 r - a potion of lignification {unknown}
 s - a potion of curing {unknown}
Comestibles
 f - 4 rations
 o - 4 chunks of flesh


   Skills:
 - Level 3.0 Fighting
 * Level 5.4 Maces & Flails
 - Level 2.6 Armour
 - Level 2.6 Shields


You had 4 spell levels left.
You didn't know any spells.
Your spell library contained the following spells:

 Spells                   Type           Power        Failure   Level  Hunger
 Magic Dart               Conj           #...         99%         1    ##.....
 Blink                    Tloc           N/A          100%        2    ###....
 Call Imp                 Summ           #.......     100%        2    ###....
 Slow                     Hex            #.......     100%        2    ###....
 Conjure Flame            Conj/Fire      #.......     100%        3    ####...
 Mephitic Cloud           Conj/Pois/Air  #.......     100%        3    ####...


Dungeon Overview and Level Annotations

Branches:
Dungeon (3/15)

Altars:


Innate Abilities, Weirdness & Mutations

You are mostly covered in icy blue scales. (AC +3)
You are mostly covered in sharp spines.


Message History

* * * LOW HITPOINT WARNING * * *
The orc wizard is struck by your spines.
The orc wizard hits you but does no damage.
Things that are here:
a +0 dagger; a +0 robe; an orc corpse The orc shouts!
You hit the orc wizard.
The orc wizard is almost dead.
The orc warrior hits you but does no damage.
The orc wizard is struck by your spines.
You kill the orc wizard!
You hit the orc.
The orc is severely wounded.
The orc warrior is struck by your spines.
The orc warrior hits you with a +0 hand axe.
* * * LOW HITPOINT WARNING * * *
The orc is struck by your spines.
You kill the orc!
The orc warrior hits you with a +0 hand axe!
You die...

##.###.##
...#...##
.......##
.......
..... .o.
..# #o#
..# #o#
..#
#@##..#
#o#...#
#.#..#
#.o..#
##...#
#...#
#...#
#...#
#...#


You could see an orc warrior, an orc wizard and 3 orcs.

Vanquished Creatures
  2 orc wizards (D:6)
  3 gnolls (D:3)
  7 adders
  2 worms
  3 dart slugs
  A leopard gecko (D:1)
  An orc (D:6)
  6 giant cockroaches
  8 goblins
  11 hobgoblins
  2 jackals (D:2)
  5 bats
  4 kobolds
  5 rats
60 creatures vanquished.

Notes
Turn   | Place    | Note
-------+----------+-------------------------------------------
     0 | D:1      | Mrkan the Demonspawn Fighter began the quest for the Orb.
     0 | D:1      | Reached XP level 1. HP: 18/18 MP: 1/1
     7 | D:1      | Reached skill level 2 in Maces & Flails
    67 | D:1      | Gained mutation: You are partially covered in sharp spines.
                  | [demonic ancestry]
    67 | D:1      | Reached XP level 2. HP: 15/24 MP: 2/2
   317 | D:1      | Reached skill level 3 in Maces & Flails
   538 | D:2      | Gained mutation: You are partially covered in icy blue
                  | scales. (AC +2) [demonic ancestry]
   538 | D:2      | Reached XP level 3. HP: 28/29 MP: 3/3
   656 | D:2      | Found a faded altar of an unknown god.
   830 | D:2      | Reached skill level 4 in Maces & Flails
   830 | D:2      | Gained mutation: You are mostly covered in sharp spines.
                  | [demonic ancestry]
   830 | D:2      | Reached XP level 4. HP: 35/35 MP: 4/4
  1267 | D:3      | Gained mutation: You are mostly covered in icy blue scales.
                  | (AC +3) [demonic ancestry]
  1267 | D:3      | Reached XP level 5. HP: 19/41 MP: 5/5
  1396 | D:3      | Reached skill level 5 in Maces & Flails
  1442 | D:3      | You fall through a shaft for 3 floors!
  1447 | D:6      | Noticed an orc warrior
  1459 | D:6      | HP: 1/41 [orc warrior/+0 hand axe (5)]
  1459 | D:6      | Demolished by an orc warrior

Skill      XL: |  1  2  3  4  5 |
---------------+----------------+-----
Maces & Flails | 2 3 4 5 |  5.4
Fighting       | |  3.0
Armour         | |  2.6
Shields        | |  2.6

Action                   |  1- 3 |  4- 6 || total
-------------------------+-------+-------++-------
Melee: Flail             |    84 |       ||    84
       Mace              |     9 |    54 ||    63
  Use: Scroll            |     2 |       ||     2
  Eat: Chunk             |       |     2 ||     2
Armor: Scale mail        |    40 |    29 ||    69
Dodge: Dodged            |    16 |    11 ||    27
Block: Shield            |    49 |    22 ||    71
